Map: Efflorescence LE

Players

Jbody

  • Race: Terran Terran
  • Spawn Location: 12:00

Phang

  • Race: Zerg Zerg
  • Spawn Location: 3:00

OpuS

  • Race: Protoss Protoss
  • League: Platinum
  • Spawn Location: 6:00

Sketchaphone

  • Race: Zerg Zerg
  • League: Gold
  • Spawn Location: 9:00

VOD

Have the link to the VOD?

Description

Time

  • Played on: Jan. 23, 2019, 8:32 p.m.
  • Length: 14:48
Show
View Real Time Build Order
Export as new Build Order

Jbody Terran 

Build Orders: Reaper Expand, Hellion Banshee, Mech 

Get SALT Encoding   

  12  0:01  SCV  
  13  0:13  SCV  
  14  0:19  Supply Depot  
  14  0:25  SCV  
  15  0:41  Barracks  
  15  0:44  Refinery  
  15  0:48  SCV  
  16  1:00  SCV  
  17  1:12  SCV  
  18  1:25  SCV  
  19  1:30  Reaper  
  20  1:37  Orbital Command  
  20  1:43  Command Center  
  20  1:55  Supply Depot  
  20  1:59  Refinery  
  20  2:02  SCV  
  20  2:05  Marine  
  22  2:18  Factory  
  22  2:21  SCV  
  23  2:32  Barracks Reactor  
  23  2:49  SCV  
  24  2:59  Orbital Command  
  24  3:16  Hellion x2  
  24  3:18  Barracks Tech Lab  
  29  3:20  SCV  
  29  3:21  Starport  
  29  3:24  SCV  
  30  3:32  SCV  
  31  3:36  SCV  
  32  3:44  SCV  
  32  3:48  SCV  
  34  3:55  Hellion x2  
  38  4:02  Factory, SCV x2  
  40  4:04  Barracks Tech Lab  
  40  4:06  Banshee, Cloaking Field  
  43  4:16  Hellion, Refinery, SCV  
  46  4:26  Supply Depot  
  46  4:27  Supply Depot  
  46  4:43  SCV x2  
  45  4:48  Hellion  
  45  4:50  Supply Depot  
  47  4:53  Banshee  
  47  4:54  Hellion  
  47  4:55  SCV  
  53  5:00  Factory, Supply Depot  
  53  5:02  Barracks Tech Lab  
  53  5:03  SCV  
  53  5:04  Armory  
  54  5:08  SCV  
  54  5:09  Hellion  
  57  5:15  Hellion  
  57  5:16  Siege Tank  
  62  5:25  SCV x2  
  62  5:26  Supply Depot  
  64  5:30  Engineering Bay  
  64  5:35  Banshee  
  64  5:37  SCV x2  
  69  5:48  Siege Tank  
  69  5:49  SCV x2  
  74  5:50  Supply Depot  
  74  5:54  Terran Vehicle Weapons Level 1  
  74  6:01  SCV x2  
  76  6:11  Barracks Tech Lab  
  76  6:13  Refinery  
  76  6:31  Command Center  
  75  6:48  SCV x2  
  77  7:00  SCV  
  78  7:05  Refinery  
  78  7:26  Missile Turret  
  78  7:27  Missile Turret  
  78  7:30  SCV x2  
  80  7:42  SCV  
  80  7:43  SCV  
  82  7:54  SCV  
  82  7:55  SCV  
  82  7:57  Siege Tank  
  82  7:58  Hellion x2, Siege Tank  
  94  8:02  Refinery  
  94  8:13  Banshee, SCV x2  
  99  8:20  Hellion  
  99  8:25  SCV x2  
  100  8:30  Siege Tank  
  100  8:37  SCV x2  
  92  8:49  SCV  
  93  8:55  Banshee  
  93  8:57  Hellion, Siege Tank  
  93  8:58  Hellion  
  93  9:02  Siege Tank  
  97  9:19  Hellion x2  
  91  9:29  Siege Tank  
  94  9:34  Orbital Command, Siege Tank  
  97  9:38  Banshee  
  97  9:40  Hellion x2  
  97  9:43  Supply Depot x2  
  97  9:44  Supply Depot  
  104  9:51  Factory  
  104  9:53  Factory  
  104  9:55  Starport x2  
  104  10:01  Terran Vehicle And Ship Armor Level 1, Siege Tank  
  104  10:02  Armory  
  104  10:06  Siege Tank  
  107  10:08  Refinery  
  107  10:09  Refinery  
  105  10:21  Banshee  
  99  10:57  SCV x3  
  102  11:06  Siege Tank x2  
  102  11:07  Hellion x2  
  102  11:09  SCV  
  111  11:18  SCV x2  
  111  11:21  SCV  
  111  11:23  Factory Tech Lab  
  111  11:24  Factory Tech Lab, Starport Tech Lab  
  111  11:25  Starport Tech Lab  
  110  11:28  Hellion  
  110  11:30  SCV x2  
  110  11:31  Fusion Core, Terran Vehicle Weapons Level 2  
  111  11:33  SCV  
  111  11:38  Siege Tank  
  108  11:42  SCV  
  87  12:12  Siege Tank x2  
  87  12:13  Hellion x3, Siege Tank  
  87  12:14  Banshee x3  
  111  12:17  SCV x3  
  114  12:29  SCV x3  
  109  12:34  Hellion x2  
  109  12:35  Hellion  
  114  12:41  SCV x3  
  117  12:45  Hellion  
  117  12:48  Command Center  
  119  12:52  Refinery  
  119  12:53  SCV  
  119  12:54  Missile Turret  
  119  12:55  Missile Turret  
  119  12:56  Banshee x2, Missile Turret  
  119  12:57  Banshee  
  119  12:58  Missile Turret, Thor x3  
  146  13:06  Sensor Tower  
  146  13:40  Battlecruiser  
  153  13:41  SCV x3  
  153  13:46  Refinery, Command Center  
  155  13:49  Refinery  
  155  13:53  SCV x2  
  157  13:57  Thor  
Show
View Real Time Build Order
Export as new Build Order

Phang Zerg 

Build Orders: Pool First, Lurkers 

Get SALT Encoding   

  12  0:10  Drone x2  
  14  0:25  Overlord  
  14  0:30  Drone, Extractor  
  14  0:54  Spawning Pool  
  14  0:55  Drone  
  14  0:56  Drone x2  
  16  1:28  Drone x2  
  16  1:32  Drone, Hatchery  
  18  1:44  Overlord  
  18  1:50  Metabolic Boost  
  18  1:54  Zergling x2  
  19  2:10  Queen  
  21  2:17  Zergling x2  
  21  2:18  Zergling x2  
  23  2:25  Extractor  
  23  2:29  Spore Crawler  
  21  2:31  Zergling x2  
  22  2:55  Lair  
  22  2:57  Queen  
  24  3:02  Drone x4  
  27  3:06  Drone  
  28  3:13  Drone  
  29  3:23  Drone x3  
  32  3:27  Drone  
  33  3:36  Drone x2  
  35  3:55  Drone  
  35  3:56  Overlord, Drone  
  36  4:09  Hatchery  
  35  4:11  Evolution Chamber  
  35  4:14  Drone  
  35  4:15  Evolution Chamber, Drone  
  35  4:18  Drone  
  35  4:21  Drone  
  35  4:23  Drone  
  38  4:34  Drone  
  38  4:35  Drone x4  
  42  4:46  Overlord, Roach Warren  
  40  5:23  Spine Crawler  
  40  5:24  Spine Crawler  
  40  5:27  Spine Crawler  
  40  5:28  Roach x9  
  55  5:43  Zergling x2  
  55  5:44  Zergling x4  
  55  5:45  Overlord, Hydralisk Den  
  57  5:51  Overlord  
  57  6:01  Zerg Missile Weapons Level 1  
  57  6:02  Zerg Ground Armor Level 1  
  57  6:13  Hydralisk x2  
  61  6:22  Overseer  
  61  6:30  Nydus Network, Drone x4  
  61  6:32  Drone  
  65  6:40  Drone  
  65  6:41  Overlord  
  66  6:49  Extractor  
  66  6:50  Drone, Extractor  
  66  6:51  Drone  
  64  7:13  Hydralisk x5  
  73  7:36  Extractor  
  72  7:37  Lurker Den  
  72  7:38  Extractor  
  72  7:40  Hatchery  
  72  7:43  Drone  
  72  7:44  Drone x4  
  72  7:45  Drone  
  74  8:01  Nydus Canal  
  74  8:12  Overlord x3  
  74  8:15  Zerg Missile Weapons Level 2  
  74  8:22  Overlord x3  
  74  8:29  Overlord  
  74  8:50  Roach  
  74  8:51  Roach x6  
  80  9:08  Roach  
  80  9:09  Roach x4  
  90  9:16  Zergling x6  
  91  9:17  Drone  
  64  9:53  Roach  
  64  9:54  Roach x9  
  78  10:14  Hydralisk x3  
  78  10:15  Hydralisk  
  74  10:32  Zerg Ground Armor Level 2  
  74  10:43  Hydralisk  
  74  10:44  Hydralisk x3  
  82  10:54  Drone  
  82  10:55  Drone x2  
  85  11:04  Drone  
  85  11:05  Drone x3  
  85  11:08  Lurker  
  85  11:10  Lurker  
  91  11:16  Nydus Canal  
  91  11:20  Lurker x2  
  79  12:04  Hydralisk  
  79  12:05  Hydralisk x10  
  97  12:17  Hydralisk x3  
  97  12:20  Nydus Canal  
  102  12:53  Infestation Pit, Drone x7  
  102  12:54  Drone x10  
  106  13:23  Hydralisk x2  
  106  13:24  Hydralisk x6  
  122  13:39  Spore Crawler  
  122  13:41  Spore Crawler  
  92  13:57  Roach x11  
  92  13:58  Roach  
  92  14:01  Nydus Canal  
  110  14:09  Hydralisk  
  110  14:10  Hydralisk x2  
Show
View Real Time Build Order
Export as new Build Order

OpuS Protoss 

Build Orders:  

Get SALT Encoding   

  12  0:01  Probe  
  13  0:13  Probe  
  14  0:20  Pylon  
  14  0:26  Probe  
  15  0:38  Probe  
  15  0:41  Gateway  
  16  0:51  Gateway  
  16  0:52  Probe  
  17  1:01  Assimilator  
  17  1:13  Pylon, Probe  
  18  1:29  Cybernetics Core  
  18  1:44  Zealot  
  18  1:47  Pylon  
  18  1:49  Probe  
  18  1:52  Zealot  
  23  2:05  Pylon  
  23  2:07  Probe, Warp Gate  
  24  2:15  Probe  
  24  2:20  Zealot  
  27  2:26  Assimilator  
  27  2:29  Adept  
  28  2:54  Adept  
  30  3:00  Probe  
  31  3:12  Adept, Probe  
  34  3:26  Nexus  
  34  3:27  Adept  
  34  3:32  Pylon  
  36  3:45  Zealot  
  36  3:47  Probe  
  37  3:59  Probe  
  38  4:11  Pylon  
  38  4:23  Gateway  
  38  4:25  Stalker  
  38  4:26  Gateway  
  40  4:31  Stalker  
  42  4:51  Probe  
  43  4:54  Probe  
  43  4:58  Zealot  
  43  4:59  Adept  
  48  5:03  Probe  
  48  5:06  Probe  
  50  5:15  Probe, Robotics Facility  
  50  5:18  Probe  
  52  5:27  Probe  
  53  5:30  Probe  
  54  5:39  Probe  
  54  5:41  Stalker  
  54  5:42  Stalker x2, Probe  
  62  5:48  Stalker  
  64  5:51  Probe  
  65  5:58  Probe  
  65  6:03  Observer  
  65  6:04  Probe  
  68  6:13  Forge  
  68  6:18  Pylon  
  68  6:24  Twilight Council  
  68  6:27  Observer  
  68  6:31  Stalker x3  
  68  6:32  Stalker  
  75  6:43  Probe x2  
  77  6:49  Pylon  
  75  7:11  Blink  
  75  7:12  Protoss Ground Armor Level 1  
  69  7:16  Photon Cannon  
  69  7:19  Stargate  
  63  7:26  Stargate  
  63  7:27  Gateway  
  63  7:29  Gateway  
  63  7:31  Gateway  
  63  7:33  Gateway  
  63  7:40  Observer  
  62  8:02  Observer  
  62  8:03  Stalker  
  62  8:04  Stalker x3  
  70  8:25  Stalker x2  
  74  8:38  Pylon  
  74  8:40  Pylon  
  74  8:43  Pylon  
  74  8:48  Assimilator  
  74  8:50  Probe x2  
  74  8:52  Assimilator  
  59  9:05  Stalker x5  
  61  9:24  Stalker x2  
  51  9:27  Zealot x2  
  51  9:46  Stalker x3  
  51  9:50  Zealot x5  
  59  10:10  Stalker x2  
  59  10:11  Stalker x3  
  59  10:12  Stalker x2  
  59  10:13  Stalker, Void Ray  
  73  10:26  Observer  
  68  10:41  Stalker x3  
  68  10:42  Stalker  
  70  10:47  Probe  
  70  10:48  Probe  
  73  10:54  Pylon  
  73  10:59  Probe  
  74  11:10  Pylon  
  74  11:12  Void Ray  
  77  11:18  Stalker  
  48  12:06  Stalker x2  
  48  12:07  Stalker x3  
  48  12:08  Stalker  
  55  12:13  Void Ray  
  39  12:32  Probe x2  
  39  12:33  Stargate  
  39  12:37  Stargate  
  27  13:13  Probe  
Show
View Real Time Build Order
Export as new Build Order

Sketchaphone Zerg 

Build Orders: Hatch First 

Get SALT Encoding   

  12  0:01  Drone  
  13  0:14  Overlord  
  13  0:21  Drone  
  14  0:24  Drone, Extractor  
  15  0:34  Drone  
  16  0:44  Drone  
  17  0:58  Hatchery, Drone  
  17  1:02  Extractor  
  16  1:10  Drone  
  17  1:23  Spawning Pool  
  16  1:27  Drone  
  16  1:28  Drone  
  18  1:36  Drone  
  19  1:41  Drone  
  20  2:06  Overlord  
  20  2:09  Metabolic Boost  
  20  2:11  Zergling x4  
  20  2:15  Zergling x2  
  23  2:20  Spine Crawler  
  22  2:31  Spine Crawler, Queen  
  22  2:36  Drone x3  
  25  2:50  Drone  
  25  2:51  Queen, Drone  
  27  2:55  Drone  
  30  3:00  Drone  
  31  3:08  Evolution Chamber  
  30  3:19  Drone  
  31  3:27  Queen  
  31  3:31  Drone  
  31  3:33  Zergling x2  
  35  3:37  Zerg Melee Weapons Level 1  
  35  3:44  Zergling x2  
  36  3:55  Baneling Nest  
  34  3:59  Zergling x2  
  34  4:01  Overlord  
  35  4:20  Zergling x8  
  35  4:21  Overlord  
  35  4:22  Zergling x4  
  41  4:24  Drone  
  41  4:25  Zergling x2  
  41  4:29  Spine Crawler  
  42  4:43  Overlord, Zergling x4  
  44  4:47  Baneling x4  
  44  5:09  Overlord x2  
  45  5:14  Drone x2  
  45  5:15  Overlord  
  45  5:18  Zergling x2  
  45  5:19  Zergling x2  
  48  5:26  Baneling  
  48  5:27  Baneling x2  
  48  5:34  Hatchery  
  47  5:47  Zergling x10  
  47  5:48  Zergling x2  
  47  5:49  Zergling x2  
  54  5:54  Lair  
  54  5:57  Drone  
  54  6:00  Drone  
  54  6:01  Overlord, Drone  
  54  6:03  Zergling x2  
  58  6:04  Drone  
  59  6:15  Spore Crawler  
  58  6:22  Spore Crawler  
  57  6:34  Hatchery  
  57  6:36  Baneling x5  
  57  6:38  Zergling x4  
  57  6:39  Zergling x2  
  60  6:40  Drone x4  
  60  7:18  Zerg Melee Weapons Level 2  
  60  7:19  Drone  
  60  7:20  Drone x2  
  60  7:22  Extractor  
  61  7:23  Drone x4  
  61  7:29  Drone x3, Extractor  
  67  7:30  Extractor  
  67  7:31  Zergling x10  
  67  7:32  Hatchery  
  69  7:41  Spore Crawler  
  66  7:54  Extractor  
  66  7:56  Spore Crawler  
  63  7:58  Overseer  
  63  8:02  Zergling x2  
  63  8:03  Overlord, Zergling x8, Drone  
  63  8:04  Drone  
  70  8:07  Drone x4  
  74  8:13  Evolution Chamber  
  74  8:15  Baneling  
  74  8:16  Baneling x3  
  60  8:48  Zergling x22  
  65  8:53  Pneumatized Carapace  
  65  8:56  Baneling x3  
  65  9:04  Zergling x4  
  58  9:23  Zergling x12  
  57  9:36  Zergling x12  
  55  9:55  Zergling x4  
  55  9:59  Baneling  
  54  10:03  Baneling  
  54  10:04  Baneling x5  
  54  10:05  Baneling x2, Hatchery  
  53  10:09  Zergling x10  
  53  10:12  Zergling x2  
  59  10:18  Drone x2  
  61  10:26  Overseer  
  61  10:30  Centrifical Hooks  
  60  10:56  Baneling x4  
  60  10:59  Zergling x16  
  60  11:00  Drone  
  69  11:07  Zerg Ground Armor Level 1  
  69  11:31  Spire  
  68  11:39  Overseer  
  54  12:04  Queen x2  
  53  12:36  Zergling x34  
  68  12:39  Queen  
  68  12:40  Queen  
  68  12:44  Zerg Flyer Weapons Level 1  
  72  12:51  Zergling x6  
  58  13:10  Zergling x16  
  59  13:19  Zergling x8  
  60  13:23  Zergling x4  
  60  13:24  Mutalisk  
  64  13:30  Baneling x12  
  64  13:31  Baneling x6  
  64  13:32  Hatchery  
  64  13:33  Zergling x10  
  68  13:40  Zergling x2  
  50  14:04  Zergling x20  
  50  14:06  Zergling x6  
  60  14:23  Baneling  
  60  14:24  Baneling x9  
  56  14:25  Baneling  
  56  14:26  Baneling x7  
Tags
 
Add a new tag
Caveats
  • Supply blocks, unpowered buildings, or Contaminate may cause inaccurate times.
  • Supply counts are checked every 10 seconds.